 Dungeon Crawl Stone Soup version 0.28-a0-723-g095bd1b44f (webtiles) character file.

Game seed: 10470707953547617723

2282 AlleluiaPinecone the Grappler (level 9, 0/83 HPs)
             Began as a Troll Berserker on Oct 25, 2021.
             Was an Elder of Trog.
             Succumbed to an orc warrior's poison
             ... on level 7 of the Dungeon.
             The game lasted 00:13:28 (6151 turns).

AlleluiaPinecone the Grappler (Troll Berserker)     Turns: 6151, Time: 00:13:28

Health: 0/83       AC: 11    Str: 30    XL:     9   Next: 16%
Magic:  8/8        EV:  9    Int:  3    God:    Trog [****..]
Gold:   364        SH:  0    Dex:  9    Spells: 8/8 levels left

rFire   . . .      SeeInvis .     - Unarmed
rCold   + + .      Faith    .   (no shield)
rNeg    . . .      Spirit   .   E - +0 ice dragon scales
rPois   .          Reflect  .   (helmet restricted)
rElec   .          Harm     .   (no cloak)
rCorr   .          Rampage  .   (gloves unavailable)
Will    .....                   (boots unavailable)
Stlth   ..........              (no amulet)
HPRegen 1.23/turn               j - ring of protection from fire
MPRegen 0.11/turn               (no ring)

@: brilliant, lethally poisoned (0 -> -8)
A: large, unfitting armour, claws 3, regeneration 1, shaggy fur 1, tough skin 1
a: Renounce Religion, Berserk, Trog's Hand, Brothers in Arms


You were on level 7 of the Dungeon.
You worshipped Trog.
Trog was greatly pleased with you.
You visited 1 branch of the dungeon, and saw 7 of its levels.

You collected 387 gold pieces.
You spent 23 gold pieces at shops.

Inventory:

Hand Weapons
 b - a +0 hunting sling
 y - a +3 quarterstaff of chaos
 C - a +4 spear
Missiles
 d - 290 stones
 m - 42 bolts
 r - 31 poisoned darts
 s - 14 sling bullets
 A - 45 arrows
Armour
 a - a +0 animal skin
 z - a +0 cloak
 E - +0 ice dragon scales (worn)
Jewellery
 j - a ring of protection from fire (left claw)
Wands
 n - a wand of digging (8)
 w - a wand of flame (15) (quivered)
 x - a wand of polymorph (10)
Scrolls
 c - 5 scrolls of identify {unknown}
 f - 4 scrolls of teleportation {unknown}
 g - 2 scrolls of acquirement {unknown}
 l - a scroll of immolation {unknown}
 o - a scroll of brand weapon {unknown}
 p - 2 scrolls of enchant weapon {unknown}
 q - a scroll of amnesia {unknown}
 t - a scroll of fear {unknown}
Potions
 e - a potion of brilliance
 h - 2 potions of mutation {unknown}
 i - 9 potions of curing {unknown}
 k - 2 potions of degeneration {unknown}
 u - 2 potions of lignification {unknown}
 v - a potion of haste {unknown}
 B - a potion of invisibility {unknown}
 D - a potion of heal wounds {unknown}
 F - 2 potions of attraction {unknown}


   Skills:
 + Level 3.5 Fighting
 + Level 0.9 Slings
 + Level 1.4 Armour
 + Level 4.3 Dodging
 + Level 1.3 Stealth
 * Level 10.7 Unarmed Combat


You had 8 spell levels left.
You didn't know any spells.
Your spell library was empty.

Dungeon Overview and Level Annotations

Branches:
Dungeon (7/15)             Temple (0/1) D:4

Altars:
Cheibriados
Elyvilon
Okawaru
Ru
Sif Muna
Trog
Wu Jian
Zin
The Shining One

Shops:
D:2 !(*[=   D:3 :


Innate Abilities, Weirdness & Mutations

You are too large for most types of armour.
You have claws for hands.
Your natural rate of healing is unusually fast.
You are covered in fur. (AC +1)
You have tough skin. (AC +1)


Message History

The orc warrior hits you from afar with a +1 halberd of venom.
You are more poisoned.
You feel extremely sick.
The orc warrior hits you with a +1 halberd of venom.
You are more poisoned.
You mangle the orc warrior!!
The orc warrior is severely wounded.
You feel very sick.
The orc warrior hits you with a +1 halberd of venom!
You are more poisoned.
You are too injured to fight recklessly!
You are too injured to fight recklessly!
You are too injured to fight recklessly!
You are too injured to fight recklessly!
You are too injured to fight recklessly!
You are too injured to fight recklessly!
You are too injured to fight recklessly!
You are too injured to fight recklessly!
You are too injured to fight recklessly!
You are too injured to fight recklessly!
You are too injured to fight recklessly!
You are too injured to fight recklessly!
You are too injured to fight recklessly!
You are too injured to fight recklessly!
You are too injured to fight recklessly!
You are too injured to fight recklessly!
* * * LOW HITPOINT WARNING * * *
You feel extremely sick. The orc warrior closely misses you.
* * * LOW HITPOINT WARNING * * *
You feel extremely sick.
* * * LOW HITPOINT WARNING * * *
You feel very sick.
It was a potion of brilliance.
You feel clever all of a sudden.
* * * LOW HITPOINT WARNING * * *
You feel very sick.
The orc warrior hits you from afar with a +1 halberd of venom.
* * * LOW HITPOINT WARNING * * *
You die...

'### ..# #.# ##... .≈≈## #.# #.#
#### .♣≈≈## #.# #.# ♣.♣≈≈## ...
#.# # ...♣≈≈## #o# ########.## ##
♣.♣.♣≈≈### #F# #.....[...# ##.
.♣...♣≈≈##.#.# #.........# ##..
♣.♣.♣.♣≈≈#...####...##....####...
...♣...♣≈#..Fo..@............'...
♣.♣.♣.♣.≈#..#####...#.....####...
.♣.♣.♣..≈#.# #.........# ##..
♣.♣.♣.♣.≈## #..##.#..## ##.
...♣...♣≈# #.....)..# ##
♣.♣.♣.♣≈≈# #........# #
.♣...♣≈≈## #####.#### ♣.♣.♣≈≈##
#.# ######## ...♣≈≈## #.#
#.......


You could see an orc warrior and a bullfrog.

Vanquished Creatures
  Menkaure (D:5)
  3 water moccasins
  Duvessa (D:5)
  An ice beast (D:7)
  An orc warrior (D:7)
  A necrophage (D:7)
  A phantom (D:4)
  A kobold brigand (D:7)
  2 bullfrogs (D:7)
  Blork the orc (D:4)
  3 scorpions
  Dowan (D:5)
  3 wights (D:6)
  A howler monkey (D:4)
  2 electric eels (D:7)
  A centaur zombie (D:5)
  2 centaur skeletons
  3 hounds
  Crazy Yiuf (D:5)
  Ijyb (D:5)
  A bullfrog skeleton (D:4)
  Natasha (thrice) (D:3)
  3 iguanas
  An orc wizard (D:7)
  A hound zombie (D:5)
  A mummy (D:4)
  2 howler monkey zombies
  2 howler monkey skeletons
  5 adders
  A white imp (D:5)
  An ufetubus (D:4)
  2 worms (D:2)
  2 dart slugs (D:2)
  9 orcs
  10 endoplasms
  5 giant cockroaches
  6 hobgoblins
  4 jackals (D:4)
  6 kobolds
  4 quokkas
  3 ball pythons
  3 bats
  A frilled lizard (D:2)
  8 goblins
  A hobgoblin zombie (D:4)
  A kobold zombie (D:4)
  2 orc zombies (D:4)
  6 rats
125 creatures vanquished.

Vanquished Creatures (others)
  3 kobolds (D:7)
  A fungus (D:5)
  2 plants (D:4)
6 creatures vanquished.

Grand Total: 131 creatures vanquished

Notes
Turn   | Place    | Note
-------+----------+-------------------------------------------
     0 | D:1      | AlleluiaPinecone the Troll Berserker began the quest for
                  | the Orb.
     0 | D:1      | Reached XP level 1. HP: 22/22 MP: 0/0
   287 | D:1      | Reached XP level 2. HP: 29/29 MP: 1/1
   728 | D:2      | Found Miynano's Distillery.
   747 | D:2      | Found Feuhydgh's Weapon Shoppe.
   780 | D:2      | Found a faded altar of an unknown god.
   806 | D:2      | Found Reiff's Assorted Antiques.
   818 | D:2      | Bought a scroll labelled VAEVIE NOCS for 23 gold pieces
   848 | D:2      | Reached XP level 3. HP: 32/36 MP: 2/2
   913 | D:2      | Reached ** piety under Trog
  1198 | D:2      | Reached skill level 4 in Unarmed Combat
  1221 | D:2      | Found Bipycaob's Antique Armour Emporium.
  1286 | D:2      | Found Zoqosh's Jewellery Shop.
  1360 | D:3      | Noticed Natasha
  1362 | D:3      | Reached XP level 4. HP: 44/44 MP: 3/3
  1375 | D:3      | Killed Natasha
  1537 | D:3      | Found a sacrificial altar of Ru.
  1637 | D:3      | Found Ruutut's Book Shop.
  1637 | D:3      | Noticed Natasha
  1644 | D:3      | Killed Natasha
  1645 | D:3      | Reached XP level 5. HP: 48/50 MP: 4/4
  1654 | D:3      | Reached skill level 5 in Unarmed Combat
  1987 | D:3      | Noticed Natasha
  1996 | D:3      | Killed Natasha
  2092 | D:4      | Found a bloodstained altar of Trog.
  2098 | D:4      | Found an ornate altar of the Wu Jian Council.
  2100 | D:4      | Noticed a phantom
  2108 | D:4      | Killed a phantom
  2108 | D:4      | Reached *** piety under Trog
  2196 | D:4      | Reached XP level 6. HP: 59/59 MP: 5/5
  2233 | D:4      | Reached skill level 6 in Unarmed Combat
  2285 | D:4      | Found a staircase to the Ecumenical Temple.
  2417 | D:4      | Found a shimmering blue altar of Sif Muna.
  2580 | D:4      | Noticed a water moccasin
  2586 | D:4      | Killed a water moccasin
  2587 | D:4      | Reached skill level 7 in Unarmed Combat
  2587 | D:4      | Reached XP level 7. HP: 57/66 MP: 6/6
  2835 | D:4      | Noticed Blork the orc
  2841 | D:4      | Killed Blork the orc
  2980 | D:5      | Entered Level 5 of the Dungeon
  3064 | D:5      | Noticed Menkaure
  3071 | D:5      | Killed Menkaure
  3072 | D:5      | Reached skill level 8 in Unarmed Combat
  3378 | D:5      | Found a glowing golden altar of the Shining One.
  3378 | D:5      | Found a glowing silver altar of Zin.
  3379 | D:5      | Found a white marble altar of Elyvilon.
  3421 | D:5      | Found a snail-covered altar of Cheibriados.
  3474 | D:5      | Noticed Duvessa
  3475 | D:5      | Noticed Dowan
  3480 | D:5      | Killed Duvessa
  3483 | D:5      | Killed Dowan
  3484 | D:5      | Reached XP level 8. HP: 75/75 MP: 7/7
  3699 | D:5      | Noticed Ijyb
  3705 | D:5      | Killed Ijyb
  3925 | D:5      | Found a runed translucent door.
  3926 | D:5      | Noticed Crazy Yiuf
  3933 | D:5      | Killed Crazy Yiuf
  4008 | D:6      | Reached skill level 9 in Unarmed Combat
  4320 | D:6      | Identified the -3 tower shield "Lixkukha" {Int+4 Slay+6}
  4387 | D:6      | Reached skill level 1 in Stealth
  4716 | D:7      | Reached **** piety under Trog
  4804 | D:7      | Reached skill level 10 in Unarmed Combat
  5016 | D:7      | Found an iron altar of Okawaru.
  5836 | D:7      | Reached XP level 9. HP: 83/83 MP: 8/8
  5890 | D:7      | Reached skill level 1 in Armour
  6150 | D:7      | HP: 3/83 [orc warrior (6)]
  6151 | D:7      | Succumbed to an orc warrior's poison

Illustrated notes

Levels and vault maps discovered:
D:1:      matt_arrival_refuge, layout_loops_ring
D:2:      layout_basic, basic_ecumenical_altar, serial_shops, shop, shop,
          nicolae_shop_behind_doors, shop, nicolae_shop_window_shopping
D:3:      layout_basic, nicolae_ru_awakened_eye, serial_shops,
          nicolae_shop_trees, st_stairs_1, uniq_natasha
D:4:      layout_basic, overflow_temple_1_default, grunt_temple_overflow_open,
          minmay_temple_entry_trees, serial_bayou_pond_e, minmay_mini_ossuary,
          uniq_blork_the_orc
D:5:      layout_loops_cross, good_gods_temple_1, mainiacjoe_overflow_catwalk,
          uniq_duvessa, uniq_ijyb, uniq_crazy_yiuf_cottage, uniq_menkaure
D:6:      layout_loops_ring
D:7:      layout_loops_corners, general_overflow_altar,
          kennysheep_cluttered_room

Skill      XL: |  1  2  3  4  5  6  7  8  9 |
---------------+----------------------------+-----
Dodging        | 3 4 |  4.3
Unarmed Combat | 4 5 7 8 10 | 10.7
Fighting       | 3 |  3.5
Stealth        | 1 |  1.3
Armour         | 1 |  1.4
Slings         | |  0.9

Action                   |  1- 3 |  4- 6 |  7- 9 || total
-------------------------+-------+-------+-------++-------
Melee: Unarmed           |    82 |   132 |   162 ||   376
       Punch             |     3 |     3 |     2 ||     8
 Fire: Hunting sling     |       |       |    17 ||    17
Invok: Berserk           |       |     1 |     3 ||     4
       Trog's Hand       |       |       |     1 ||     1
  Use: Potion            |       |       |     1 ||     1
 Stab: Sleeping          |     2 |       |       ||     2
Armor: Animal skin       |    26 |    29 |    13 ||    68
       Ice dragon scales |       |       |    22 ||    22
Dodge: Dodged            |    37 |    63 |    57 ||   157

Table legend: (Time is in decaauts)
 A = Elapsed time spent in this place.
 B = Non-inter-level travel time spent in this place.
 C = Inter-level travel time spent in this place.
 D = Time resting spent in this place.
 E = Time spent auto-exploring this place.
 F = Levels seen in this place.
 G = Mean time per level.
                   A        B        C        D        E       F      G
               +--------+--------+--------+--------+--------+-----+--------+
         Total |   6152 |   5993 |    159 |    824 |   4157 |   7 |  878.9 |
       Dungeon |   6152 |   5993 |    159 |    824 |   4157 |   7 |  878.9 |
               +--------+--------+--------+--------+--------+-----+--------+

Top non-repeatable levels by time:
     D:7: 1441 daAuts
     D:5: 1022 daAuts
     D:4: 889 daAuts
     D:3: 729 daAuts
     D:6: 717 daAuts
     D:2: 712 daAuts
     D:1: 638 daAuts
